 Dungeon Sprint DCSS version 0.22-a0-259-gdd11e71 (webtiles) character file.

1506 Ghella the Fighter (level 8, 0/106 HPs)
             Began as an Octopode Berserker on Mar 5, 2018.
             Was an Elder of Trog.
             Slain by a polar bear (21 damage)
             ... in the Dungeon (Sprint II: "The Violet Keep of Menkaure").
             The game lasted 00:04:40 (1241 turns).

Ghella the Fighter (Octopode Berserker)             Turns: 1241, Time: 00:04:41

Health: 0/106      AC:  1    Str: 24    XL:     8   Next: 82%
Magic:  7/7        EV: 18    Int:  9    God:    Trog [****..]
Gold:   37         SH:  0    Dex: 11    Spells: 7/7 levels left

rFire    . . .     SeeInvis +   a - +0 hand axe
rCold    . . .     Gourm    .   (no shield)
rNeg     . . .     Faith    .   (helmet restricted)
rPois    +         Spirit   .   (no amulet)
rElec    .         Reflect  .   i - ring of see invisible
rCorr    .         Harm     .   j - ring of poison resistance
MR       .....     Rnd*Rage +   (no ring) Stlth ..........NoTele +
                                (no ring)
HPRegen  0.27/turn              (no ring)
MPRegen  0.10/turn              (no ring)
                                (no ring)
                                (no ring)

@: berserking (expiring), lethally poisoned (0 -> -2), very quick
A: almost no armour, stealthy swim, amphibious, 8 rings, constrict 8, camouflage
1, berserk 1, low mp 1, gelatinous body 1
a: Berserk, Trog's Hand, Brothers in Arms, Renounce Religion


You were in the Dungeon.
You worshipped Trog.
Trog was greatly pleased with you.
You were not hungry.

You visited 1 branch You collected 972 gold pieces.
You spent 935 gold pieces at shops.

Inventory:

Hand Weapons
 a - a +0 hand axe (weapon)
Jewellery
 i - a ring of see invisible (left tentacle)
 j - a ring of poison resistance (right tentacle)
Scrolls
 h - a scroll of fear
Potions
 c - 5 potions of curing
 d - a potion of heal wounds
 e - a potion of haste
 f - 2 potions of magic
 g - a potion of berserk rage
Comestibles
 b - 3 rations


   Skills:
 * Level 13.3 Fighting
 + Level 10.6 Axes
 + Level 9.6 Dodging
 + Level 1.4 Stealth


You had 7 spell levels left.
You didn't know any spells.

Dungeon Overview and Level Annotations

Branches:
Dungeon (1/1)

Altars:
Cheibriados
Dithmenos
Elyvilon
Fedhas
Gozag
Hepliaklqana
Kikubaaqudgha
Makhleb
Nemelex Xobeh
Okawaru
Qazlal
Ru
Sif Muna
Trog
Uskayaw
Vehumet
Wu Jian
Xom
Yredelemnul
Zin
The Shining One
Beogh
Jiyva
Lugonu

Shops:
D :}[}[=!:!*=?:([%

Annotations:
D exclusions: ice statue and oklob plant, Kirke


Innate Abilities, Weirdness & Mutations

You cannot wear most types of armour.
You are very stealthy in the water. (Stealth+)
You are amphibious.
You can wear up to eight rings at the same time.
You can use your tentacles to constrict eight enemies at once.
Your skin changes colour to match your surroundings (Stealth+).
Your rubbery body absorbs attacks. (AC +1, EV +1)
You tend to lose your temper in combat.
Your magical capacity is low. (-10% MP)


Message History

You are too injured to fight recklessly!
You are too injured to fight recklessly!
You are too injured to fight recklessly!
You are too injured to fight recklessly!
You are too injured to fight recklessly!
Unknown command.
You hit the polar bear.
The polar bear is severely wounded.
You slash the polar bear!
You feel sick.
You slash the polar bear!
The polar bear is severely wounded.
You hit the polar bear.
The polar bear goes berserk!
You hit the polar bear. You squeeze the polar bear.
The polar bear is almost dead.
You hit the polar bear. The polar bear bites you!
* * * LOW HITPOINT WARNING * * *
The polar bear claws you.
* * * LOW HITPOINT WARNING * * *
The polar bear misses you. The polar bear bites you!!
You die...

#..#....# ...# #.####..##
#..# .# )!) '###.##..#
+..# .#▓(($?? .##.#.#..#
#..# .#▓$!$!$
<.'.##+..####..##.#▓!$?$!
.##..##..§.###...##▓▓▓▓▓▓
'###.##....§§§≈c≈≈≈≈≈≈≈≈≈
.#####≈≈.....≈#h########+
#..#≈≈≈≈≈≈≈..≈#h@..._._#≈
#.##≈≈≈≈≈≈≈§§≈#...._._.#≈
+##≈≈§≈≈§≈≈≈≈≈#..._._._#§
≈≈≈≈≈≈≈≈§≈≈≈≈§#.._._._.#≈
#+++#≈≈§≈≈≈≈§§#._._._._#§
;;§ ##§§≈###≈≈#_._._._.#≈
;≈≈§§ #≈≈# #§≈#._._._..#§
§§§≈§§+§≈# #§§#.._._._.#§
§§≈;§##§§≈ §≈≈##########§


You could see 2 polar bears and a yaktaur.

Vanquished Creatures
  2 tyrant leeches (D)
  A polar bear (D)
  A hornet (D)
  Menkaure (D)
  4 neqoxecs (D)
  4 worker ants (D)
  3 worms (D)
16 creatures vanquished.

Vanquished Creatures (others)
  A crocodile (D)
1 creature vanquished.

Grand Total: 17 creatures vanquished

Notes
Turn   | Place    | Note
-------+----------+-------------------------------------------
     0 | D        | Ghella the Octopode Berserker began the quest for the Orb.
     0 | D        | Reached XP level 1. HP: 16/16 MP: 1/1
     1 | D        | Noticed a neqoxec
     1 | D        | Noticed a neqoxec
     1 | D        | Noticed a neqoxec
     1 | D        | Noticed a neqoxec
     5 | D        | Noticed a crimson imp
     5 | D        | Noticed a quasit
     6 | D        | Killed a neqoxec
     6 | D        | Reached skill level 7 in Fighting
     6 | D        | Reached skill level 5 in Axes
     6 | D        | Reached skill level 5 in Dodging
     6 | D        | Reached XP level 2. HP: 12/27 MP: 2/2
     6 | D        | Reached XP level 3. HP: 14/32 MP: 3/3
     6 | D        | Reached XP level 4. HP: 17/38 MP: 4/4
     6 | D        | Reached XP level 5. HP: 19/43 MP: 5/5
     8 | D        | Gained mutation: Your magical capacity is low. (-10% MP) [a neqoxec]
    12 | D        | Killed a neqoxec
    12 | D        | Reached ** piety under Trog
    12 | D        | Reached skill level 9 in Fighting
    12 | D        | Reached XP level 6. HP: 24/52 MP: 5/5
    16 | D        | Gained mutation: You tend to lose your temper in combat. [a neqoxec]
    17 | D        | Killed a neqoxec
    17 | D        | Reached skill level 10 in Fighting
    20 | D        | Killed a neqoxec
    20 | D        | Reached XP level 7. HP: 29/60 MP: 6/6
   257 | D        | Noticed a tyrant leech
   257 | D        | Noticed a tyrant leech
   265 | D        | Reached skill level 11 in Fighting
   267 | D        | Reached *** piety under Trog
   428 | D        | Reached **** piety under Trog
   566 | D        | Killed a tyrant leech
   566 | D        | Reached skill level 12 in Fighting
   971 | D        | Killed a tyrant leech
   971 | D        | Reached XP level 8. HP: 69/70 MP: 7/7
  1098 | D        | Found Fuih's Antique Armour Emporium.
  1099 | D        | Found Xesog's General Store.
  1099 | D        | Found Nuajol's Distillery.
  1099 | D        | Found Qoalugopn's Antique Armour Shoppe.
  1099 | D        | Found Wighie's Book Shoppe.
  1099 | D        | Found Gehuon's Magic Scroll Shoppe.
  1099 | D        | Found Guraf's Gadget Emporium.
  1099 | D        | Found Goecriyd's Antique Weapon Shoppe.
  1099 | D        | Found Fogu Vas's Distillery.
  1099 | D        | Found Jifaris's Food Shoppe.
  1099 | D        | Found Jiucoas's Jewellery Emporium.
  1100 | D        | Found Liepemutyu's Antique Armour Shoppe.
  1100 | D        | Found Umifamirph's Gadget Emporium.
  1101 | D        | Found Wagyfacu's Book Shoppe.
  1101 | D        | Found Oskuptos's Jewellery Emporium.
  1102 | D        | Noticed Menkaure
  1102 | D        | Noticed an oklob plant
  1103 | D        | Found Unloacyg's Book Shoppe.
  1116 | D        | Killed Menkaure
  1131 | D        | Bought a ration for 65 gold pieces
  1131 | D        | Bought a ration for 65 gold pieces
  1131 | D        | Bought a ration for 65 gold pieces
  1136 | D        | Bought a potion of heal wounds for 60 gold pieces
  1136 | D        | Bought a potion of curing for 36 gold pieces
  1136 | D        | Bought a potion of curing for 36 gold pieces
  1136 | D        | Bought a potion of curing for 36 gold pieces
  1138 | D        | Bought a scroll of fear for 49 gold pieces
  1140 | D        | Noticed a yak
  1144 | D        | Noticed a yak
  1146 | D        | Noticed an iron elemental
  1147 | D        | Noticed a yak
  1147 | D        | Bought an uncursed ring of see invisible for 210 gold pieces
  1147 | D        | Bought an uncursed ring of poison resistance for 280 gold pieces
  1150 | D        | Bought a potion of curing for 33 gold pieces
  1192 | D        | Noticed an ice statue
  1195 | D        | Noticed Kirke
  1195 | D        | Noticed a skeletal warrior
  1195 | D        | Noticed a kobold demonologist
  1208 | D        | Found a snail-covered altar of Cheibriados.
  1209 | D        | Found a shadowy altar of Dithmenos.
  1210 | D        | Found a white marble altar of Elyvilon.
  1210 | D        | Found an ancient bone altar of Kikubaaqudgha.
  1210 | D        | Found a roughly hewn altar of Beogh.
  1210 | D        | Found a viscous altar of Jiyva.
  1211 | D        | Found a blossoming altar of Fedhas.
  1211 | D        | Found a corrupted altar of Lugonu.
  1211 | D        | Found a deep blue altar of Sif Muna.
  1212 | D        | Found an opulent altar of Gozag.
  1212 | D        | Found a burning altar of Makhleb.
  1212 | D        | Found a bloodstained altar of Trog.
  1213 | D        | Found a sparkling altar of Nemelex Xobeh.
  1213 | D        | Found a hide-covered altar of Uskayaw.
  1216 | D        | Found a basalt altar of Yredelemnul.
  1217 | D        | Found an iron altar of Okawaru.
  1217 | D        | Found a radiant altar of Vehumet.
  1217 | D        | Found a glowing silver altar of Zin.
  1217 | D        | Found a hazy altar of Hepliaklqana.
  1217 | D        | Found a sacrificial altar of Ru.
  1217 | D        | Found a shimmering altar of Xom.
  1217 | D        | Noticed a hornet
  1217 | D        | Noticed a polar bear
  1218 | D        | Noticed a polar bear
  1218 | D        | Found a stormy altar of Qazlal.
  1218 | D        | Found an ornate altar of the Wu Jian Council.
  1218 | D        | Found a glowing golden altar of the Shining One.
  1218 | D        | Noticed a yaktaur
  1221 | D        | Noticed a polar bear
  1231 | D        | Killed a polar bear
  1231 | D        | Reached skill level 13 in Fighting
  1231 | D        | Reached skill level 10 in Axes
  1231 | D        | Reached skill level 1 in Stealth
  1236 | D        | Killed a hornet
  1241 | D        | Slain by a polar bear

Vault maps used:
D:        the_violet_keep_of_menkaure

Skill      XL: |  1  2  3  4  5  6  7  8 |
---------------+-------------------------+-----
Fighting       | 7 9 10 12 13 | 13.3
Axes           | 5 6 8 9 10 | 10.6
Dodging        | 5 6 7 9 |  9.6
Stealth        | 1 |  1.4

Action                   |  1- 3 |  4- 6 |  7- 9 || total
-------------------------+-------+-------+-------++-------
Melee: Hand axe          |     4 |    11 |    60 ||    75
       Tentacles         |     1 |     4 |    17 ||    22
       Constrict         |     1 |     3 |     8 ||    12
Invok: Berserk           |     1 |       |     5 ||     6
  Use: Scroll            |       |       |     1 ||     1
       Potion            |       |       |     1 ||     1
  Eat: Chunk             |       |       |     4 ||     4
       Ration            |       |       |     1 ||     1
Dodge: Dodged            |     1 |     2 |    21 ||    24

Table legend:
 A = Spawn XP
 B = Non-spawn XP
 C = Spawn XP percentage of total XP
 D = Spawn monster count
 E = Non-spawn monster count
 F = Spawn count percentage of total count
 G = Total turns spent on level
                    A         B        C        D         E        F      G
               +---------+---------+-------+---------+---------+-------+---------
         Total |       0 |    2152 |   0.0 |       0 |      16 |   0.0 |  1241
               +---------+---------+-------+---------+---------+-------+---------
             D |       0 |    2152 |   0.0 |       0 |      16 |   0.0 |  1241
               +---------+---------+-------+---------+---------+-------+---------
